AoeStats
← Maxpower1312

Arabia

515521663Analyzed
1v1 RM · 15d ago on Oct 22, 2026· 52m 26s· 2 players
Game mode
Random Map
Map size
Tiny (2 player)
Population
200
Speed
Normal
Resources
Standard
Victory
Conquest
Starting age
Dark Age
Ending age
Imperial Age
RankedLock teamsTeams togetherTeam positionsShared explorationLock speedFull tech treeHidden civsTurbo modeCheats
Victory
Defeat
🇵🇪 Berbers · Peru
1112
+17
vs
🇨🇴 Magyars · Colombia
1140
-17
lu23
3:41 Loom
10:02 Feudal Age
10:34 Double-Bit Axe
20:21 Castle Age
18:26 Horse Collar
18:55 Gold Mining
19:48 Forging
20:56 Bloodlines
20:54 Scale Barding Armor
22:34 Town Watch
26:12 Iron Casting
29:58 Bow Saw
30:51 Husbandry
34:13 Wheelbarrow
39:19 Imperial Age
36:55 Stone Mining
37:21 Fletching
39:25 Bodkin Arrow
39:30 Padded Archer Armor
41:08 Chemistry
40:17 Bracer
41:51 Ballistics
42:37 Leather Archer Armor
42:31 Thumb Ring
42:58 Conscription
43:15 Hand Cart
44:16 Gold Shaft Mining
44:14 Ring Archer Armor
44:50 Heavy Plow
45:07 Light Cavalry
46:58 Town Patrol
47:32 Crop Rotation
47:26 Chain Barding Armor
47:29 Siege Engineers
51:13 Plate Barding Armor
51:39 Blast Furnace
50:27 Heavy Cavalry Archer
51:43 Hussar
Maxpower1312
6:31 Loom
9:22 Feudal Age
10:32 Double-Bit Axe
17:45 Wheelbarrow
20:45 Castle Age
18:54 Gold Mining
19:21 Scale Barding Armor
19:54 Horse Collar
21:06 Bloodlines
24:33 Husbandry
27:58 Pikeman
33:26 Scale Mail Armor
35:50 Arson
40:46 Town Watch
44:16 Imperial Age
41:49 Padded Archer Armor
42:26 Fletching
41:58 Elite Skirmisher
43:06 Leather Archer Armor
43:20 Bodkin Arrow
44:59 Bracer
46:14 Chemistry
46:00 Ballistics
47:13 Ring Archer Armor
47:15 Chain Mail Armor
47:48 Conscription
47:30 Halberdier
50:02 Light Cavalry
51:39 Thumb Ring
52:11 Chain Barding Armor
52:25 Parthian Tactics
Connection lost

Rejoining the realm…

Still unreachable

The connection could not be restored.

Session expired

The server has moved on; the page needs a fresh start.